Map: Ephemeron LE

Players

uThermal

  • Race: Terran Terran
  • Spawn Location: 5:00

Stephano - Winner!

  • Race: Zerg Zerg
  • Spawn Location: 11:00

VOD

Have the link to the VOD?

Description

Time

  • Played on: Sept. 6, 2019, 4:20 p.m.
  • Length: 13:02
Show
View Real Time Build Order
Export as new Build Order

uThermal Terran 

Build Orders: Liberator Opening, Reaper Expand 

Get SALT Encoding   

  12  0:01  SCV  
  13  0:13  SCV  
  14  0:17  Supply Depot  
  14  0:26  SCV  
  15  0:39  SCV  
  15  0:40  Barracks  
  16  0:44  Refinery  
  16  0:51  SCV  
  17  1:03  SCV  
  18  1:15  SCV  
  19  1:28  Orbital Command, Reaper  
  20  1:40  Command Center  
  20  1:51  Supply Depot  
  20  1:54  SCV  
  21  1:59  Marine  
  22  2:06  SCV  
  23  2:09  Factory  
  23  2:17  Refinery  
  23  2:18  SCV  
  23  2:21  Barracks Reactor  
  24  2:30  SCV  
  24  2:42  SCV  
  25  2:52  Orbital Command  
  25  2:53  Starport  
  25  2:54  SCV  
  26  3:01  Hellion x2  
  26  3:03  Barracks Tech Lab  
  30  3:06  SCV  
  31  3:12  Supply Depot  
  31  3:17  Liberator, SCV  
  31  3:18  SCV  
  33  3:22  Hellion  
  33  3:24  Hellion  
  37  3:29  SCV  
  37  3:30  SCV  
  42  3:41  SCV  
  42  3:43  SCV  
  42  3:44  Hellion  
  42  3:46  Hellion  
  48  3:53  Supply Depot  
  48  3:54  SCV  
  48  3:55  SCV  
  50  4:11  Command Center  
  50  4:14  SCV x2  
  52  4:17  Supply Depot  
  52  4:20  Marine  
  52  4:21  Stimpack  
  52  4:22  Starport Reactor  
  53  4:25  Factory Tech Lab  
  53  4:26  SCV x2  
  55  4:38  Marine, SCV  
  56  4:43  Barracks, SCV  
  56  4:45  Siege Tank, Barracks  
  61  4:54  SCV, Engineering Bay  
  61  4:55  Engineering Bay  
  61  4:56  Marine  
  63  5:02  Refinery  
  63  5:03  SCV, Refinery  
  64  5:11  Starport Reactor  
  61  5:14  Marine, SCV  
  61  5:17  Siege Tank  
  66  5:23  Orbital Command  
  66  5:24  SCV  
  67  5:32  Marine  
  67  5:33  Marine x2  
  67  5:34  Terran Infantry Armor Level 1, Terran Infantry Weapons Level 1  
  70  5:36  Marine x2  
  70  5:37  SCV  
  70  5:40  SCV  
  72  5:46  Barracks x2  
  73  5:50  Marine x2, SCV  
  73  5:52  Orbital Command  
  73  5:55  Siege Tank  
  78  5:57  Marine, SCV, Supply Depot  
  78  6:00  Medivac  
  78  6:03  Combat Shield  
  82  6:07  SCV  
  82  6:08  Supply Depot  
  82  6:09  Marine  
  84  6:13  Marine, Armory  
  85  6:18  SCV  
  85  6:19  SCV  
  85  6:23  Medivac  
  85  6:25  Marine x3  
  89  6:31  SCV  
  96  6:33  Marine x2  
  96  6:35  Barracks Reactor  
  96  6:36  Supply Depot  
  96  6:37  SCV, Barracks Reactor  
  96  6:43  Marine, Supply Depot  
  96  6:45  Medivac  
  96  6:46  Marine, Factory Reactor  
  96  6:47  Supply Depot  
  100  6:50  SCV  
  101  6:57  Marine x2, Medivac  
  101  6:58  SCV x2  
  101  7:00  Marine  
  101  7:01  Marine, Supply Depot  
  108  7:07  SCV  
  110  7:09  Marine  
  110  7:10  Supply Depot  
  110  7:15  Marine, SCV  
  112  7:16  SCV  
  112  7:17  Command Center  
  112  7:19  SCV  
  115  7:24  Factory  
  115  7:25  Marine x2  
  115  7:27  SCV  
  115  7:28  Widow Mine x2  
  123  7:30  SCV  
  123  7:32  SCV  
  123  7:33  Supply Depot  
  123  7:36  Terran Infantry Armor Level 2, Terran Infantry Weapons Level 2  
  124  7:41  Marine x3, SCV  
  124  7:42  Marine x2  
  130  7:45  Marine  
  130  7:46  Marine  
  130  7:50  Marine x2, Widow Mine  
  136  7:52  SCV  
  136  7:57  Supply Depot x2, Refinery  
  137  7:59  Marine, Medivac x2  
  137  8:01  Marine x2  
  137  8:02  Marine  
  134  8:07  Widow Mine  
  134  8:10  Drilling Claws  
  134  8:12  Marine x3, SCV  
  138  8:13  Supply Depot  
  138  8:14  Widow Mine  
  138  8:16  SCV  
  138  8:17  Widow Mine  
  138  8:18  Marine  
  146  8:23  Terran Vehicle And Ship Armor Level 1  
  146  8:26  Marine, SCV  
  148  8:28  Widow Mine  
  148  8:30  Marine x2  
  148  8:33  Marine  
  153  8:35  Widow Mine  
  155  8:43  Marine x3  
  155  8:44  Marine x2  
  155  8:45  Barracks  
  155  8:46  Barracks, Widow Mine  
  155  8:47  Barracks  
  162  8:50  Marine, Widow Mine  
  162  8:51  Marine  
  162  8:52  Marine  
  162  8:54  SCV  
  166  9:06  Widow Mine  
  166  9:07  Planetary Fortress  
  166  9:08  SCV x2  
  164  9:10  Marine  
  164  9:11  Command Center  
  164  9:13  Medivac  
  164  9:15  Medivac  
  169  9:20  Widow Mine  
  169  9:24  Widow Mine  
  173  9:25  SCV x2  
  173  9:26  Marine  
  173  9:28  Sensor Tower  
  173  9:30  Widow Mine  
  178  9:35  Concussive Shells, Barracks Tech Lab x2  
  178  9:36  Barracks Tech Lab  
  178  9:37  Marine, SCV x3  
  178  9:38  Marine  
  183  9:44  Marine x2  
  181  9:47  Marine  
  181  9:48  Marine x2, Widow Mine  
  181  9:51  Marine  
  187  9:54  Terran Infantry Weapons Level 3  
  187  9:55  Terran Infantry Armor Level 3  
  187  9:56  Marine  
  188  10:02  Marine  
  188  10:10  Supply Depot  
  188  10:22  Marine x5  
  188  10:23  Marauder x2, Widow Mine  
  188  10:24  Marine  
  192  10:50  Marine  
  192  10:51  Marine x2, Marauder x2  
  192  10:55  Fusion Core, Starport  
  192  10:56  Marine, Starport  
  200  10:57  Command Center, Refinery  
  200  10:58  Command Center  
  189  11:18  Command Center  
  189  11:30  Supply Depot  
  189  11:32  Supply Depot  
  189  11:33  Marine  
  189  11:39  Marine x2  
  188  11:41  Marauder x2  
  188  11:42  Widow Mine x2  
  188  11:43  Marauder  
  188  11:46  Marine  
  176  11:47  Marine, Marauder, Widow Mine  
  176  11:53  Marine x2  
  176  11:54  Marine  
  171  11:58  Marine x3  
  171  12:08  Marine x3  
  164  12:13  Supply Depot  
  164  12:14  Supply Depot x2, Starport Tech Lab  
  154  12:15  Starport Reactor  
  132  12:38  Command Center  
Show
View Real Time Build Order
Export as new Build Order

Stephano Zerg - Winner!

Build Orders: Hatch First 

Get SALT Encoding   

  12  0:00  Drone  
  13  0:12  Overlord  
  13  0:16  Drone  
  14  0:30  Drone x2  
  16  0:48  Hatchery  
  15  0:51  Drone  
  15  0:54  Drone  
  17  0:58  Drone  
  18  1:08  Extractor  
  17  1:13  Spawning Pool  
  17  1:16  Drone  
  17  1:20  Drone  
  18  1:28  Drone  
  19  1:39  Drone  
  20  1:49  Drone  
  21  2:00  Hatchery  
  20  2:01  Queen  
  20  2:07  Queen  
  24  2:11  Zergling x2  
  24  2:13  Zergling x2  
  26  2:18  Overlord  
  26  2:21  Drone  
  26  2:30  Spore Crawler  
  26  2:31  Drone  
  26  2:35  Drone, Extractor  
  26  2:42  Metabolic Boost  
  28  2:47  Queen  
  28  2:50  Overlord  
  30  2:53  Drone  
  30  2:56  Drone  
  33  2:58  Drone  
  33  3:01  Drone  
  33  3:03  Drone  
  35  3:07  Drone  
  35  3:09  Drone  
  37  3:14  Drone  
  37  3:18  Drone x2  
  40  3:21  Drone  
  40  3:22  Overlord  
  40  3:24  Drone  
  42  3:27  Drone  
  42  3:28  Drone  
  42  3:32  Drone  
  42  3:33  Drone  
  46  3:36  Queen  
  46  3:40  Overlord  
  48  3:45  Zergling x2  
  48  3:46  Zergling x2  
  50  3:51  Queen  
  50  3:53  Drone x3  
  56  3:55  Drone  
  56  4:00  Overlord  
  56  4:04  Drone  
  56  4:08  Overlord, Drone x2  
  59  4:12  Overlord  
  59  4:13  Queen  
  61  4:22  Zergling x6  
  64  4:24  Drone  
  64  4:28  Drone x2  
  68  4:31  Drone  
  68  4:32  Queen  
  68  4:36  Evolution Chamber  
  69  4:38  Evolution Chamber  
  69  4:39  Zergling x6  
  69  4:40  Drone x2  
  69  4:43  Drone x2  
  75  4:49  Drone x3  
  75  4:52  Overlord  
  78  4:59  Drone x2  
  79  5:01  Overlord  
  79  5:02  Spore Crawler  
  78  5:12  Zerg Ground Armor Level 1, Zerg Melee Weapons Level 1  
  77  5:15  Drone  
  77  5:17  Extractor x2  
  77  5:18  Spore Crawler  
  75  5:23  Lair  
  75  5:24  Drone x3  
  75  5:27  Spore Crawler  
  77  5:32  Hatchery  
  77  5:35  Zergling x6  
  79  5:37  Drone x5  
  83  5:52  Baneling Nest  
  83  5:53  Drone x4  
  83  5:54  Drone x3  
  83  5:55  Extractor  
  83  5:56  Extractor  
  87  6:09  Zergling x2  
  87  6:10  Zergling x8  
  92  6:15  Zergling x2  
  93  6:25  Drone  
  94  6:28  Zergling x8  
  94  6:31  Overlord  
  98  6:40  Centrifical Hooks  
  98  6:42  Overlord x2  
  98  6:43  Overlord x3  
  98  6:45  Zergling x10  
  98  6:46  Baneling x9  
  103  6:49  Queen  
  105  6:55  Overlord  
  105  6:58  Overlord  
  105  6:59  Baneling x2  
  106  7:01  Zergling x22  
  116  7:08  Infestation Pit  
  116  7:13  Zergling x8  
  118  7:16  Baneling x8  
  118  7:20  Zergling x2  
  119  7:24  Zerg Melee Weapons Level 2, Zerg Ground Armor Level 2  
  119  7:26  Zergling x28  
  133  7:30  Overlord  
  133  7:39  Zergling x2  
  133  7:40  Zergling x6  
  136  7:47  Zergling x6  
  139  7:53  Hive  
  139  7:54  Drone x12  
  147  8:07  Burrow  
  147  8:08  Drone x5  
  152  8:17  Overseer  
  152  8:18  Hatchery  
  151  8:22  Overlord  
  151  8:35  Zergling x34  
  163  8:55  Overlord  
  163  8:56  Overlord  
  163  8:57  Overlord  
  163  8:58  Zergling x32  
  179  9:09  Hatchery  
  178  9:14  Overlord  
  178  9:16  Adrenal Glands  
  178  9:20  Hatchery  
  178  9:23  Pneumatized Carapace  
  176  9:30  Ultralisk Cavern, Extractor  
  174  9:43  Overlord, Overseer  
  168  9:50  Spore Crawler  
  168  9:51  Overseer  
  164  10:08  Zergling x42  
  185  10:33  Chitinous Plating, Baneling x7  
  185  10:34  Drone  
  185  10:35  Drone x2  
  187  10:37  Zergling x14  
  181  10:46  Baneling x7  
  181  10:47  Zergling x20  
  181  10:48  Zergling x2  
  181  10:49  Baneling x9  
  191  10:59  Zergling x14  
  196  11:07  Zergling x6  
  189  11:15  Zergling x14  
  181  11:24  Ultralisk x2  
  192  11:28  Baneling x2  
  192  11:30  Ultralisk  
  195  11:40  Hatchery  
  174  11:49  Ultralisk x3  
  174  11:52  Anabolic Synthesis  
  179  11:54  Zergling x10  
  182  12:02  Ultralisk  
  184  12:11  Zergling x6  
  183  12:20  Baneling x9  
  176  12:26  Hatchery  
  155  12:52  Hatchery x2  
Tags
 
Add a new tag
Caveats
  • Supply blocks, unpowered buildings, or Contaminate may cause inaccurate times.
  • Supply counts are checked every 10 seconds.